 Dungeon Crawl Stone Soup version 0.21.1-1-g345015f (webtiles) character file.

122 letownia2 the Conjurer (level 5, -6/28 HPs)
             Began as a Tengu Fire Elementalist on Mar 5, 2018.
             Killed by nerve-wracking pain
             ... invoked by an orc priest
              (8 damage)
             ... on level 4 of the Dungeon.
             The game lasted 00:03:45 (885 turns).

letownia2 the Conjurer (Tengu Fire Elementalist)     Turns: 885, Time: 00:03:46

Health: -6/28      AC:  5    Str:  8    XL:     5   Next: 6%
Magic:  0/9        EV: 13    Int: 16    God:
Gold:   127        SH:  0    Dex: 15    Spells: 4/8 levels left

rFire    . . .     SeeInvis .   a - +2 dagger (drain)
rCold    . . .     Gourm    .   (no shield)
rNeg     . . .     Faith    .   r - +0 robe
rPois    .         Spirit   .   (helmet restricted)
rElec    .         Reflect  .   g - +2 cloak
rCorr    .         Harm     .   (no gloves)
MR       .....                  (boots unavailable)
Stlth    ++........             (no amulet)
HPRegen  0.09/turn              (no ring)
MPRegen  0.11/turn              (no ring)

@: no status effects
A: beak, talons 3, able to fly 1
a: Fly


You were on level 4 of the Dungeon.
You were not hungry.

You visited 1 branch of the dungeon, and saw 4 of its levels.

You collected 127 gold pieces.

Inventory:

Hand Weapons
 a - a +2 dagger of draining (weapon)
 b - a +2 flail of protection
 q - a +0 dagger
Missiles
 k - 5 curare-tipped needles
Armour
 g - a +2 cloak (worn)
 r - a +0 robe (worn)
Scrolls
 d - a scroll of fear {unknown}
 e - a scroll of fog {unknown}
 f - 3 scrolls of teleportation
 m - 2 scrolls of identify {unknown}
 p - 2 scrolls of remove curse {unknown}
Potions
 h - a potion of degeneration {unknown}
 i - a potion of curing {unknown}
 j - a potion of heal wounds {unknown}
 l - a potion of flight {unknown}
 n - a potion of ambrosia {unknown}
Books
 s - a book of Flames

   Spells                             Type                      Level
   a - Flame Tongue                   Conjuration/Fire             1
   b - Throw Flame                    Conjuration/Fire             2
   c - Conjure Flame                  Conjuration/Fire             3
   d - Inner Flame                    Hexes/Fire                   3
   e - Sticky Flame                   Conjuration/Fire             4
   f - Fireball                       Conjuration/Fire             5
Comestibles
 c - 4 rations
 o - a chunk of flesh


   Skills:
 - Level 2.1 Dodging
 - Level 2.0 Stealth
 - Level 2.0 Spellcasting
 + Level 6.2 Conjurations
 - Level 3.2 Fire Magic


You had 4 spell levels left.
You knew the following spells:

 Your Spells              Type           Power        Failure   Level  Hunger
a - Flame Tongue          Conj/Fire      ###..        3%          1    #......
c - Conjure Flame         Conj/Fire      ###.....     9%          3    ###....


Dungeon Overview and Level Annotations

Branches:
Dungeon (4/15)
 Temple: D:4-7

Altars:
Nemelex Xobeh
Uskayaw

Shops:
D:4 *=}?


Innate Abilities, Weirdness & Mutations

You have a beak for a mouth.
You have claws for feet.
You can fly.


Message History

Unknown command.
You barely miss the orc priest. Your kick misses the orc priest.
The orc priest is heavily wounded.
The orc priest closely misses you.
You closely miss the orc priest. You claw the orc priest.
The orc priest is almost dead.
The orc priest hits you but does no damage.
You barely miss the orc priest. Your kick misses the orc priest.
You peck the orc priest, but do no damage.
The orc priest is almost dead.
The orc priest mumbles some strange prayers to Beogh against you.
Beogh smites you!
Ouch! That really hurt!
* * * LOW HITPOINT WARNING * * *
You closely miss the orc priest.
You claw the orc priest, but do no damage.
The orc priest is almost dead.
The orc priest calls down the wrath of Beogh upon you.
Pain shoots through your body!
You die...

#........
##########.###....
#...........>##.#.
###.#######.....#.#.
...................
....#####.....#.##
#.#...............
#.###.........#.##
#@##..#.#.#.#.....
#o##...∩.⌠.∩...###
#...o.#.#.#.#..#
#####..⌠...⌠...#
#.#.#.#.#.##
#o.∩.⌠.∩..#
..#.#.#.#.#
...........#
##...........


You could see an orc priest.

Vanquished Creatures
  An orc priest (D:4)
  An orc wizard (D:4)
  An iguana (D:4)
  An adder (D:4)
  A dart slug (D:3)
  A leopard gecko (D:2)
  4 orcs (D:4)
  3 goblins
  2 hobgoblins
  4 kobolds
  A quokka (D:2)
  2 bats
  2 frilled lizards (D:4)
  A quokka skeleton (D:4)
  2 rats
27 creatures vanquished.

Notes
Turn   | Place    | Note
-------+----------+-------------------------------------------
     0 | D:1      | letownia2 the Tengu Fire Elementalist began the quest for the Orb.
     0 | D:1      | Reached XP level 1. HP: 10/10 MP: 4/4
    76 | D:2      | Reached skill level 2 in Conjurations
   146 | D:2      | Reached XP level 2. HP: 15/15 MP: 4/6
   297 | D:4      | Reached skill level 3 in Conjurations
   441 | D:4      | Noticed a scorpion
   486 | D:3      | Reached XP level 3. HP: 19/19 MP: 1/7
   491 | D:3      | Learned a level 3 spell: Conjure Flame
   524 | D:2      | Found a faded altar of an unknown god.
   564 | D:3      | Reached skill level 4 in Conjurations
   571 | D:3      | Found a hide-covered altar of Uskayaw.
   574 | D:3      | Found a sparkling altar of Nemelex Xobeh.
   665 | D:4      | Reached skill level 5 in Conjurations
   665 | D:4      | Reached XP level 4. HP: 13/24 MP: 0/8
   681 | D:4      | Found Lerchozok's Gadget Shop.
   685 | D:4      | Found Maocw's General Store.
   690 | D:4      | Found Jutyuklon's Jewellery Shop.
   827 | D:4      | Found Xeplu's Magic Scroll Shop.
   856 | D:4      | Reached skill level 6 in Conjurations
   856 | D:4      | Gained mutation: You can fly. [Tengu growth]
   856 | D:4      | Reached XP level 5. HP: 28/28 MP: 4/9
   885 | D:4      | Killed from afar by an orc priest

Skill      XL: |  1  2  3  4 |
---------------+-------------+-----
Conjurations   | 2 3 5 6 |  6.2
Dodging        | |  2.1
Stealth        | |  2.0
Spellcasting   | |  2.0
Fire Magic     | |  3.2

Action                   |  1- 3 |  4- 6 || total
-------------------------+-------+-------++-------
Melee: Unarmed           |    17 |       ||    17
       Kick              |     8 |     2 ||    10
       Peck              |     3 |     1 ||     4
       Dagger            |       |     5 ||     5
 Cast: Flame Tongue      |    36 |    18 ||    54
       Conjure Flame     |       |     2 ||     2
  Use: Scroll            |     1 |       ||     1
 Stab: Sleeping          |     1 |       ||     1
  Eat: Chunk             |       |     1 ||     1
Armor: Robe              |     6 |     1 ||     7
Dodge: Dodged            |    22 |     2 ||    24
